Workbook
Name 入札情報: #REF!
Name 入札番号: #REF!

Sheet 因子
A2: 事業名 | B2: 八溝山地域におけるニホンジカ生息状況調査及び誘引捕獲委託事業（Ｒ７補正翌債）
A3: 署長名 | B3: 茨城森林管理署長
B4: 三重野 裕通

Sheet ①計画書
A1: （様式１）
A3: ="「"&因子!B2&"」" -> 「八溝山地域におけるニホンジカ生息状況調査及び誘引捕獲委託事業（Ｒ７補正翌債）」
A4: 委託事業計画書
H7: 令和 年 月 日
A9: 分任支出負担行為担当官
A10: =CONCATENATE(因子!B3," ",因子!B4," 殿") -> 茨城森林管理署長 三重野 裕通 殿
E13: 受託者
E14: 住 所
E15: 氏 名
A17: １．事業内容
A18: （１）捕獲事業の目標
A19: （２）捕獲対象及び捕獲手法
A20: （３）実施期間
A21: （４）担当者
A22: （５）捕獲及び報告の方法
A24: ２．事業予算
A25: （１）収入の部
B26: 区 分 | D26: 予算額 | F26: 備 考
B27: 委託費
A29: （２）支出の部
B30: 区 分 | D30: 予算額 | F30: 備 考
B36: 計
B37: 注１．備考欄には、各区分ごとの経費に係る算出基礎を記入し、必要がある場合は説明を付
B38: すること。
B39: ２．人件費については、別紙人件費明細書に基づき、経理しておくこと。
B40: ３．原則として区分毎に消費税込みの金額で表示するものとするが、これによりがたいと
B41: きは消費税の項目を設けて表示することができるものとする。
A43: （３）物品購入計画（物品の購入がある場合）
B44: 品 目 | C44: 規 格 | D44: 員 数 | E44: 購入予定 | G44: 使用目的 | H44: 備 考
E45: 単 価 | F45: 金 額
B51: （注）記載する品目は、原形のまま比較的長期の反復使用に耐えうるもののうち取得価格が
B52: ５０，０００円以上の物品とする。
A54: ３．再委託先等（再委託がある場合）
A55: （１）氏名または名称
A56: （２）住所
A57: （３）業務の範囲
A58: （４）必要性及び契約金額
E79: 監督職員 経 由 | F79: 令和 年 月 日
F80: 氏名 印
E81: 記 事

Sheet ②人件費明細書
A1: （様式２）
A2: ="「"&因子!B2&"」" -> 「八溝山地域におけるニホンジカ生息状況調査及び誘引捕獲委託事業（Ｒ７補正翌債）」
A3: 人件費明細書
A5: 氏 名 | B5: 職名等 | D5: 委託事業 従事日数 （Ａ） | E5: 勤務日数 当り単価 （Ｂ） | F5: 人件費 （A）×（B）
A16: 注１ （Ａ）は、委託事業従事予定日数を記入すること。
A17: ２ （Ｂ）は、１日当り単価積算表から記入すること。
A19: ○１日当り積算単価表
A20: 氏 名 | B20: 給 与 | C20: 賞 与 | D20: 社会保険 等事業主 負 担 | E20: 退職金 引当金 | F20: 計 （Ａ） | G20: １日当り 単 価 (A)/勤務日数
A31: 注１ 給与には、各種手当等を含めるものとする。
A32: ２ 前年又は前年度若しくは直近１年間の支給実績等を記入すること。
A33: ３ 年間勤務日数は、受託団体の就業規則等の定める就労日数とする。

Sheet ③事業工程表
A1: （様式３）
A2: ="「"&因子!B2&"」" -> 「八溝山地域におけるニホンジカ生息状況調査及び誘引捕獲委託事業（Ｒ７補正翌債）」
A3: 事業工程表
AA5: 受託者名：
A6: 項 目 | B6: 数量 | C6: 単位 | D6: 月 | G6: 月 | J6: 月 | M6: 月 | P6: 月 | S6: 月 | V6: 月 | Y6: 月 | AB6: 月 | AE6: 月 | AH6: 備 考
D7: 10 20 | G7: 10 20 | J7: 10 20 | M7: 10 20 | P7: 10 20 | S7: 10 20 | V7: 10 20 | Y7: 10 20 | AB7: 10 20 | AE7: 10 20

Sheet ④事業組織表
A1: （様式４）
A3: ="「"&因子!B2&"」" -> 「八溝山地域におけるニホンジカ生息状況調査及び誘引捕獲委託事業（Ｒ７補正翌債）」
A4: 事業組織表
A6: 事業管理責任者その他従事者等の有資格表
A7: 氏 名 | B7: 従事用務 | H7: 備 考

Sheet ⑤調書
A1: （様式５）
B3: 国からの支給材料（貸与品）等調書
J6: 令和 年 月 日
A9: 分任支出負担行為担当官
A10: =CONCATENATE(因子!B3," ",因子!B4," 殿") -> 茨城森林管理署長 三重野 裕通 殿
F13: 受託者
A17: 国から受けた下記の貸与品については、令和 年 月 日に借用しました。
A20: 記
B22: 品名 | C22: 品質規格 | D22: 数量 | E22: 単価 （円） | F22: 価格 （円） | G22: 引渡場所 | H22: 返納場所 | I22: 備考

Sheet ⑥中止申請書
A1: （様式６）
A3: 委託事業計画中止（廃止）申請書
H6: 令和 年 月 日
A9: 分任支出負担行為担当官
A10: =CONCATENATE(因子!B3," ",因子!B4," 殿") -> 茨城森林管理署長 三重野 裕通 殿
E13: 受託者
E14: 住 所
E15: 氏 名
A18: =CONCATENATE(" 令和 年 月 日付け契約の「",因子!B2,"」について、下記のとおり事業を中止（廃止）したいので、契約書第○条第○項の規定により承認されたく申請します。") -> 令和 年 月 日付け契約の「八溝山地域におけるニホンジカ生息状況調査及び誘引捕獲委託事業（Ｒ７補正翌債）」について、下記のとおり事業を中止（廃止）したいので、契約書第○条第○項の規定により承認されたく申請します。
A20: 記
A22: １．中止（廃止）の理由
A25: ２．中止（廃止）しようとする事業計画または事業内容
A26: （１）事業について
A27: （２）経費について
A28: （３）経費支出状況
B29: 区 分 | C29: 月 日 | D29: 残 額 | E29: 支出予定額 | F29: 中止に伴う 不用額 | G29: 備 考
C30: 現在支払済額
A33: ３．変更経費区分
A34: （１）事業について
A35: （２）経費について
A36: （３）経費支出状況
B37: 区 分 | C37: 支出予定額 | D37: 算出基礎
D38: 名 称 | E38: 数 量 | F38: 単 価 | G38: 金 額

Sheet ⑦計画変更申請書
A1: （様式７）
A3: 委託事業計画変更承認申請書
H6: 令和 年 月 日
A9: 分任支出負担行為担当官
A10: =CONCATENATE(因子!B3," ",因子!B4," 殿") -> 茨城森林管理署長 三重野 裕通 殿
E13: 受託者
E14: 住 所
E15: 氏 名
A18: =CONCATENATE(" 令和 年 月 日付け契約の「",因子!B2,"」について、下記のとおり変更したいので、契約書第○条第○項の規定により承認されたく申請します。") -> 令和 年 月 日付け契約の「八溝山地域におけるニホンジカ生息状況調査及び誘引捕獲委託事業（Ｒ７補正翌債）」について、下記のとおり変更したいので、契約書第○条第○項の規定により承認されたく申請します。
A20: 記
A22: １．変更の理由
A25: ２．変更する事業計画または事業内容
A28: ３．変更経費区分
A38: （注）記載方法は、別に定めのある場合を除き、委託事業計画書の様式を準用し、変更に係わる部分についてのみ当初計画（上段括弧書）と、変更計画（下段裸書）を明確に区分して記載すること。

Sheet ⑧再委託申請書
A1: （様式８）
A3: 委託契約再委託承認申請書
H6: 令和 年 月 日
A9: 分任支出負担行為担当官
A10: =CONCATENATE(因子!B3," ",因子!B4," 殿") -> 茨城森林管理署長 三重野 裕通 殿
E13: 受託者
E14: 住 所
E15: 氏 名
A18: =CONCATENATE(" 令和 年 月 日付け契約の「",因子!B2,"」について、下記のとおり再委託したいので、契約書第○条第○項の規定により承認されたく申請します。") -> 令和 年 月 日付け契約の「八溝山地域におけるニホンジカ生息状況調査及び誘引捕獲委託事業（Ｒ７補正翌債）」について、下記のとおり再委託したいので、契約書第○条第○項の規定により承認されたく申請します。
A20: 記
A22: １，再委託先の相手方の住所及び氏名
A23: 住所：
A24: 氏名：
A26: ２．再委託の業務範囲
A28: ３．再委託の必要性
A30: ４．再委託の金額
A32: ５．その他必要な事項

Sheet ⑨使用不能報告書
A1: （様式９）
A3: 使用不能報告書
I6: 令和 年 月 日
A9: 分任支出負担行為担当官
A10: =CONCATENATE(因子!B3," ",因子!B4," 殿") -> 茨城森林管理署長 三重野 裕通 殿
F13: 受託者
F14: 住 所
F15: 氏 名
A18: =CONCATENATE(" 令和 年 月 日付け契約の「",因子!B2,"」により取得した物品について、下記の理由により使用できなくなった旨報告します。") -> 令和 年 月 日付け契約の「八溝山地域におけるニホンジカ生息状況調査及び誘引捕獲委託事業（Ｒ７補正翌債）」により取得した物品について、下記の理由により使用できなくなった旨報告します。
A22: 記
A24: １．委託事業により取得した物品
B25: 品目 | C25: 規格 | D25: 数量 | E25: 購 入 年月日 | F25: 耐用 年数 | G25: 購入実績 | I25: 備考
G26: 単価 | H26: 金額
A29: ２．使用できなくなった理由

Sheet ⑩物品標示
A1: （様式10）
B3: 【物品標示票例】
B5: 物 品 標 示 票
B6: 委託事業名 | C6: ○○○委託事業
B7: 品名
B8: 物品番号
B9: 取得年月日 | C9: 令和 年 月 日
B10: 備考

Sheet ⑪実績報告
A1: （様式11）
A3: ="「"&因子!B2&"」" -> 「八溝山地域におけるニホンジカ生息状況調査及び誘引捕獲委託事業（Ｒ７補正翌債）」
A4: 委託事業実績報告書
H6: 令和 年 月 日
A8: 分任支出負担行為担当官
A9: =因子!B3&" "&因子!B4&" 殿" -> 茨城森林管理署長 三重野 裕通 殿
E11: 受託者
E12: 住 所
E13: 氏 名
A15: =" 令和 年 月 日付け契約の"&因子!B2&"について、下記のとおり事業を実施したので、契約書第○条の規定により、その実績を報告します。" -> 令和 年 月 日付け契約の八溝山地域におけるニホンジカ生息状況調査及び誘引捕獲委託事業（Ｒ７補正翌債）について、下記のとおり事業を実施したので、契約書第○条の規定により、その実績を報告します。
A18: 記
A20: １．事業の実施状況
A21: ア 事業内容
A22: イ 事業実施期間
A23: ウ 担当者
A24: エ 事業の成果
A26: ２．事業予算
A27: （１）収入の部
B28: 区 分 | D28: 精算額 | E28: 予算額 | F28: 比較増減 | H28: 備考
F29: 増 | G29: 減
B30: 委託費 | H30: うち消費税及び 地方消費税の額 ○○円
B32: 計
A34: （２）支出の部
B35: 区 分 | D35: 精算額 | E35: 予算額 | F35: 比較増減 | H35: 備考
F36: 増 | G36: 減
B39: 注１．備考欄には、各区分ごとの経費に係る算出基礎を記入し、必要がある場合は説明を付
B40: すること。
B41: ２．人件費については、別紙人件費明細書に基づき、経理しておくこと。
A43: （３）物品購入実績（物品を購入した場合）
B44: 品 目 | C44: 規 格 | D44: 員 数 | E44: 購入実績 | G44: 使用目的 | H44: 備 考
E45: 単 価 | F45: 金 額
B49: （注）契約時の物品購入計画に掲げるもののほか、物品購入計画以外に購入した物品があっ
B50: た場合に記載する品目は、物品購入計画を作成する場合と同様とする。また、購入する
B51: こととなった理由を備考欄に記載すること。

Sheet ⑫人件費明細書
A1: （様式12）
A3: ="「"&因子!B2&"」" -> 「八溝山地域におけるニホンジカ生息状況調査及び誘引捕獲委託事業（Ｒ７補正翌債）」
A4: 人件費明細書（実績）
A6: 氏名 | B6: 職名等 | D6: 委託事業 従事日数 （Ａ） | E6: 勤務日数 当り単価 （Ｂ） | F6: 人件費 （A）×（B）
A17: 注１ （Ａ）は、委託事業従事予定日数を記入すること。
A18: ２ （Ｂ）は、１日当り単価積算表から記入すること。
A20: ○１日当り積算単価表
A21: 氏名 | B21: 給与 | C21: 賞与 | D21: 社会保険 等事業主 負担 | E21: 退職金 引当金 | F21: 計 （Ａ） | G21: １日当り 単価 (A)/勤務日数
A32: 注１ 給与には、各種手当等を含めるものとする。
A33: ２ 前年又は前年度若しくは直近１年間の支給実績等を記入すること。
A34: ３ 年間勤務日数は、受託団体の就業規則等の定める就労日数とする。

Sheet ⑬例）業務日誌
A1: （様式13）
A2: ="【「"&因子!B2&"」業務日誌例】" -> 【「八溝山地域におけるニホンジカ生息状況調査及び誘引捕獲委託事業（Ｒ７補正翌債）」業務日誌例】
A4: ４月分 | C4: 所属：○○ | G4: 役職：○○ | K4: 氏名：○○ ○○ | P4: 時間外手当支給対象者か否か
B5: 5 | C5: 6 | D5: 7 | E5: 8 | F5: 9 | G5: 10 | H5: 11 | I5: 12 | J5: 13 | K5: 14 | L5: 15 | M5: 16 | N5: 17 | O5: 18 | P5: 19 | Q5: 20 | R5: 21 | S5: 22 | T5: 23 | U5: 24 | V5: 業務時間及び業務内容
A6: 1
A7: 2
A8: 3
A9: 4
A10: ・
A11: ・
A12: ・
A13: 30
A14: 31
A15: 勤務時間管理者 所属：○○ 氏名：○○ ○○ 印 | T15: 合計

Sheet ⑭例）物品管理簿
A1: （様式１４）
A3: ="「"&因子!B2&"」物品管理簿" -> 「八溝山地域におけるニホンジカ生息状況調査及び誘引捕獲委託事業（Ｒ７補正翌債）」物品管理簿
A5: 品 名 | B5: 規 格 | C5: 員 数 | D5: 購入金額 | F5: 使用目的 | G5: 取 得 年月日 | H5: 耐用年数 | I5: 保管場所 | J5: 事業終了後 の措置状況 | K5: 備考
D6: 単 価 | E6: 金 額
A23: 注）取得年月日欄には取得物品の検収を行った年月日、耐用年数欄には減価償却資産の耐用年数等に関する省令（昭和40年大蔵省令第15号）に規定する耐 用年数を、事業終了後の措置状況欄には委託事業終了後に行った処分等（国へ引き渡し、継続使用、廃棄等）を記載すること。備考欄には、物品番号そ の他必要な事項を記載すること。

Sheet ⑮返納届
A1: （様式15）
B3: 国からの支給材料（貸与品）等返納届
J6: 令和 年 月 日
A9: 分任支出負担行為担当官
A10: =CONCATENATE(因子!B3," ",因子!B4," 殿") -> 茨城森林管理署長 三重野 裕通 殿
F13: 受託者
A17: 国から受けた貸与品について、下記のとおり返納します。
A20: 記
B22: 品名 | C22: 品質規格 | D22: 数量 | E22: 単価 （円） | F22: 価格 （円） | G22: 引渡場所 | H22: 返納場所 | I22: 備考
B31: ○○○○
B32: ○○○○ ○○ ○○ 殿
B34: 令和 年 月 日付けにより貸与した上記物品について、返納したことを認める。
I36: 令和 年 月 日
F38: 分任支出負担行為担当官
F39: ○○森林管理署長 ○○ ○○

Sheet ⑯請求書
A1: （様式16）
A3: ="「"&因子!B2&"」" -> 「八溝山地域におけるニホンジカ生息状況調査及び誘引捕獲委託事業（Ｒ７補正翌債）」
A4: 精算払請求書
H6: 令和 年 月 日
A8: 分任支出負担行為担当官
A9: =CONCATENATE(因子!B3," ",因子!B4," 殿") -> 茨城森林管理署長 三重野 裕通 殿
E11: 受託者
E12: 住 所
E13: 氏 名
A15: =" 令和 年 月 日付け契約の"&因子!B2&"について、下記により委託費金○○○円也を精算払により支払されたく請求します。" -> 令和 年 月 日付け契約の八溝山地域におけるニホンジカ生息状況調査及び誘引捕獲委託事業（Ｒ７補正翌債）について、下記により委託費金○○○円也を精算払により支払されたく請求します。
A19: 記
B21: 委託費 | D21: 請求額 | F21: 事業完了年月日
A24: 振 込 先：
A25: 口座名義：

Sheet ⑰使用不能報告書
A1: （様式17）
A3: ="「"&因子!B2&"」" -> 「八溝山地域におけるニホンジカ生息状況調査及び誘引捕獲委託事業（Ｒ７補正翌債）」
A4: 継続使用申出書
I7: 令和 年 月 日
A10: 分任支出負担行為担当官
A11: =CONCATENATE(因子!B3," ",因子!B4," 殿") -> 茨城森林管理署長 三重野 裕通 殿
F14: 受託者
F15: 住 所
F16: 氏 名
A19: =CONCATENATE(" 令和 年 月 日付け契約の「",因子!B2,"」により取得した物品について、下記の理由により継続使用いたしたく申し出ます。") -> 令和 年 月 日付け契約の「八溝山地域におけるニホンジカ生息状況調査及び誘引捕獲委託事業（Ｒ７補正翌債）」により取得した物品について、下記の理由により継続使用いたしたく申し出ます。
A23: 記
A25: １．継続使用を要する物品
B26: 品目 | C26: 規格 | D26: 数量 | E26: 購 入 年月日 | F26: 耐用 年数 | G26: 購入実績 | I26: 備考
G27: 単価 | H27: 金額
A30: ２．同種の事業の目的・事業内容
A31: （１）目的
A32: （２）事業内容
A33: （３）継続使用する理由
A43: （注）継続使用申出書は、委託事業実績報告書提出の際に併せて提出すること。

Sheet ⑱収益納付報告書
A1: （様式18）
A3: ="「"&因子!B2&"」" -> 「八溝山地域におけるニホンジカ生息状況調査及び誘引捕獲委託事業（Ｒ７補正翌債）」
A4: 収益納付報告書
I7: 令和 年 月 日
A10: 分任支出負担行為担当官
A11: =CONCATENATE(因子!B3," ",因子!B4," 殿") -> 茨城森林管理署長 三重野 裕通 殿
F14: 受託者
F15: 住 所
F16: 氏 名
A19: 令和 年 月 日付け 第 号の引渡不要通知書を受け、取得物品を売払処分等したところ、収益を得たことを報告します。 なお、収益額は指示により国庫に納付します。
A23: 記
A25: １．収益を得た物品
B26: 品目 | C26: 規格 | D26: 数量 | E26: 購 入 年月日 | F26: 耐用 年数 | G26: 購入実績 | I26: 備考
G27: 単価 | H27: 金額
A30: ２．売払処分等年月日
A31: 令和 年 月 日
A33: ３．売払処分等の金額
D34: 円
A36: ４．売払処分等の種別
A37: 売払または賃貸借

Sheet ⑲引渡延長申請書
A1: （様式19）
A3: ="「"&因子!B2&"」" -> 「八溝山地域におけるニホンジカ生息状況調査及び誘引捕獲委託事業（Ｒ７補正翌債）」
A4: 引渡延長申請書
I7: 令和 年 月 日
A10: 分任支出負担行為担当官
A11: =CONCATENATE(因子!B3," ",因子!B4," 殿") -> 茨城森林管理署長 三重野 裕通 殿
F14: 受託者
F15: 住 所
F16: 氏 名
A19: 令和 年 月 日付け 第 号の引渡指示書により指示のあった取得物品について、下記の理由により直ちに引き渡すことが難しいため、引渡の延長を申請します。
A23: 記
A25: １．引渡の延長を要する物品
B26: 品目 | C26: 規格 | D26: 数量 | E26: 購 入 年月日 | F26: 耐用 年数 | G26: 購入実績 | I26: 備考
G27: 単価 | H27: 金額
A30: ２．延長理由
A32: ３．延長後の引渡期日
A43: （注）延長する期間は６ヶ月を超えることが出来ない。

Sheet ⑳使用状況報告書
A1: （様式20）
A3: ="「"&因子!B2&"」" -> 「八溝山地域におけるニホンジカ生息状況調査及び誘引捕獲委託事業（Ｒ７補正翌債）」
A4: 使用状況報告書
I7: 令和 年 月 日
A10: 分任支出負担行為担当官
A11: =CONCATENATE(因子!B3," ",因子!B4," 殿") -> 茨城森林管理署長 三重野 裕通 殿
F14: 受託者
F15: 住 所
F16: 氏 名
A19: 令和 年 月 日付け 第 号により継続使用の承認のあった取得物品について、下記により使用状況を報告します。
A23: 記
A25: １．継続使用している物品
B26: 品目 | C26: 規格 | D26: 数量 | E26: 購 入 年月日 | F26: 耐用 年数 | G26: 購入実績 | I26: 備考
G27: 単価 | H27: 金額
A30: ２．使用状況

Sheet ㉑継続使用終了実績報告書
A1: （様式21）
A3: ="「"&因子!B2&"」" -> 「八溝山地域におけるニホンジカ生息状況調査及び誘引捕獲委託事業（Ｒ７補正翌債）」
A4: 継続使用終了（中止）実績報告書
I7: 令和 年 月 日
A10: 分任支出負担行為担当官
A11: =CONCATENATE(因子!B3," ",因子!B4," 殿") -> 茨城森林管理署長 三重野 裕通 殿
F14: 受託者
F15: 住 所
F16: 氏 名
A19: 令和 年 月 日付け 第 号により継続使用の承認のあった取得物品に係る同種の事業を狩猟（中止）しましたので、その実績を報告します。
A23: 記
A25: １．継続使用している物品
B26: 品目 | C26: 規格 | D26: 数量 | E26: 購 入 年月日 | F26: 耐用 年数 | G26: 購入実績 | I26: 備考
G27: 単価 | H27: 金額
A30: ２．事業の実施状況
A31: （１）調査項目及び調査対象
A32: （２）事業実施期間
A33: （３）事業の成果（またはその概要）
A35: ３．継続使用している物品の使用状況
A37: ４．同種の事業を中止する理由
